 Dungeon Crawl Stone Soup version 0.31-a0-765-g67fe2935dc (webtiles) character file.

Game seed: 15723416745458740222

3234 rjrrt the Cleaver (level 9, -1/118 HPs)
             Began as a Minotaur Berserker on Sept 15, 2023.
             Was an Elder of Trog.
             Slain by an orc
             ... wielding a +0 spear
              (2 damage)
             ... in a bailey.
             The game lasted 00:16:11 (6012 turns).

rjrrt the Cleaver (Minotaur Berserker)              Turns: 6012, Time: 00:16:12

Health: -1/118     AC:  9    Str: 33    XL:     9   Next: 66%
Magic:  8/8        EV: 13    Int:  4    God:    Trog [****..]
Gold:   370        SH:  0    Dex:  9    Spells: 8/8 levels left

rFire   . . .        a - +0 war axe
rCold   . . .        (no shield)
rNeg    . . .        b - +3 leather armour {rPois}
rPois   +            (helmet restricted)
rElec   .            (no cloak)
rCorr   .            (no gloves)
SInv    .            p - +1 pair of boots
Will    .....        u - amulet of faith Stlth
                     v - +6 ring of strength
HPRegen 0.39/turn    (no ring)
MPRegen 0.11/turn

%: faith
@: berserking (expiring), very quick
A: horns 2, retaliatory headbutt
a: Renounce Religion, Berserk, Trog's Hand, Brothers in Arms


You were in a bailey.
You worshipped Trog.
Trog was greatly pleased with you.
You visited 1 branch of the dungeon, and saw 7 of its levels.
You also visited: Ossuary and Bailey.

You collected 370 gold pieces.

Inventory:

Hand Weapons
 a - a +0 war axe (weapon)
 c - a +2 flail of holy wrath
 t - a +2 halberd of electrocution
Missiles
 i - 3 javelins (quivered)
Armour
 b - a +3 leather armour of poison resistance (worn)
 p - a +1 pair of boots (worn)
Jewellery
 u - an amulet of faith (around neck)
 v - a +6 ring of strength (left hand)
Wands
 q - a wand of light (10)
Scrolls
 f - a scroll of teleportation
 k - a scroll of enchant weapon
 w - 2 scrolls of fog
Potions
 d - a potion of degeneration {unknown}
 e - 3 potions of magic {unknown}
 g - a potion of invisibility {unknown}
 h - 4 potions of curing
 j - 3 potions of ambrosia
 l - 2 potions of berserk rage
 m - a potion of might {unknown}
 n - 3 potions of attraction
 o - a potion of cancellation {unknown}
 r - a potion of enlightenment
 s - 2 potions of mutation {unknown}
 x - a potion of heal wounds {unknown}


   Skills:
 + Level 7.5 Fighting
 * Level 12.1 Axes
 + Level 7.0 Armour
 + Level 6.4 Dodging


You had 8 spell levels left.
You didn't know any spells.
Your spell library was empty.

Dungeon Overview and Level Annotations

Branches:
Dungeon (7/15)            Ossuary (visited)          Bailey (1/1)
 Temple: D:4-7

Altars:
Ashenzari
Gozag
Makhleb
Vehumet
Wu Jian

Annotations:
D:3 2 runed translucent doors, Age's ghost, novice MiFi


Innate Abilities, Weirdness & Mutations

You have a pair of horns on your head.
You reflexively headbutt those who attack you in melee.


Message History

You barely miss the orc knight.
The orc knight is severely wounded.
You slash the orc knight! Your headbutt misses the orc knight.
The orc knight is almost dead.
The gnoll hits you from afar with a +1 halberd of draining!
* * * LOW HITPOINT WARNING * * *
You feel drained.
* * * LOW HITPOINT WARNING * * *
The orc knight hits you with a +0 halberd!
* * * LOW HITPOINT WARNING * * *
Unknown command.
Unknown command.
You slash the orc knight!
You feel the power of Trog in you as your rage grows.
You kill the orc knight!
Trog accepts your kill. The gnoll closely misses you.
Your life force feels restored.
Your Axes skill increases to level 12!
Your Armour skill increases to level 7!
Unknown command.
Unknown command.
Unknown command.
The orc closely misses you.
You see here a +0 halberd.
You slash the gnoll!
You kill the gnoll!
Trog accepts your kill. The orc hits you with a +0 halberd.
* * * LOW HITPOINT WARNING * * *
There is an open door, spattered with blood here.
Things that are here:
a +1 halberd of draining; a gnoll corpse You slash the orc!
You kill the orc!
Trog accepts your kill.
The orc hits you from afar with a +0 spear.
* * * LOW HITPOINT WARNING * * *
Unknown command.
The orc hits you with a +0 spear.
You die...

### ### ##### ### ###
#.###)###)o@###)###∩#
##'##'##)###)##'##'##
##.....## ##)....##
###.....#####.....###
#.'..⌠..'.#.'..∩..')#
###.....#####.....###
##o)..)## ##.....##
##)##'##'###'##'##'##
#)###)###.#.###)###.#


You could see an orc.

Vanquished Creatures
  An orc knight (Bailey)
  A yak (D:7)
  2 vampire mosquitoes (D:7)
  An acid dragon (D:4)
  Edmund (D:5)
  A water moccasin (D:5)
  2 black bears
  4 ogres
  A centaur (D:6)
  2 kobold brigands
  3 scorpions
  3 bullfrogs
  5 water moccasin zombies (Ossuary)
  A wight (D:6)
  2 hounds
  2 jellies (D:6)
  A gnoll bouda (D:6)
  3 orc priests (D:4)
  An iguana (D:5)
  An orc wizard (D:3)
  2 mummies (Ossuary)
  13 gnolls
  4 adders
  5 adder zombies (Ossuary)
  A worm (D:2)
  27 orcs
  7 ball pythons
  5 bats
  7 endoplasms
  3 giant cockroaches
  2 gnoll zombies (Ossuary)
  14 goblins
  9 hobgoblins
  2 jackals (D:2)
  8 quokkas
  7 frilled lizards
  6 hobgoblin zombies (Ossuary)
  17 kobolds
  5 kobold zombies (Ossuary)
  5 orc zombies (Ossuary)
  6 rats
193 creatures vanquished.

Notes
Turn   | Place    | Note
-------+----------+-------------------------------------------
     0 | D:1      | rjrrt the Minotaur Berserker began the quest for the Orb.
     0 | D:1      | Reached XP level 1. HP: 19/19 MP: 0/0
    52 | D:1      | Reached skill level 4 in Axes
    80 | D:1      | Reached XP level 2. HP: 14/26 MP: 1/1
   480 | D:1      | Reached ** piety under Trog
   645 | D:1      | Reached skill level 5 in Axes
   986 | D:2      | Reached XP level 3. HP: 22/31 MP: 2/2
  1718 | D:3      | Noticed a black bear
  1726 | D:3      | Killed a black bear
  1727 | D:3      | Reached skill level 7 in Axes
  1727 | D:3      | Reached XP level 4. HP: 28/39 MP: 3/3
  1727 | D:3      | Reached XP level 5. HP: 32/45 MP: 4/4
  1914 | D:3      | Found an opulent altar of Gozag.
  2248 | D:3      | Found a large runed translucent door.
  2248 | D:3      | Found a large runed translucent door.
  2253 | D:3      | Noticed Age's ghost (novice MiFi)
  2685 | D:4      | Found a radiant altar of Vehumet.
  2698 | D:4      | Reached skill level 8 in Axes
  2698 | D:4      | Reached XP level 6. HP: 33/52 MP: 5/5
  3036 | D:4      | Noticed an acid dragon
  3045 | D:4      | Killed an acid dragon
  3046 | D:4      | Reached XP level 7. HP: 53/60 MP: 6/6
  3133 | D:4      | Reached *** piety under Trog
  3144 | D:4      | Found a broken altar of Ashenzari.
  3302 | D:4      | Reached skill level 9 in Axes
  3586 | D:5      | Entered Level 5 of the Dungeon
  3608 | D:5      | Reached skill level 5 in Fighting
  3778 | D:5      | Noticed Edmund
  3792 | D:5      | Killed Edmund
  3793 | D:5      | Reached XP level 8. HP: 54/68 MP: 7/7
  3959 | D:5      | Found a burning altar of Makhleb.
  3965 | D:5      | Found an ornate altar of the Wu Jian Council.
  4049 | D:5      | Reached skill level 10 in Axes
  4049 | D:5      | Reached skill level 5 in Armour
  4445 | D:6      | Found a sand-covered staircase.
  4468 | Ossuary  | Entered an ossuary
  4522 | Ossuary  | Reached skill level 5 in Dodging
  4543 | Ossuary  | Reached **** piety under Trog
  4751 | D:6      | Reached skill level 11 in Axes
  4751 | D:6      | Reached XP level 9. HP: 72/78 MP: 8/8
  4856 | D:6      | Identified the +1 helmet of Resourcefulness {MP+9 Str+4}
  5440 | D:7      | Found a flagged portal.
  5449 | Bailey   | Entered a bailey
  5636 | Bailey   | Noticed an orc knight
  6006 | Bailey   | HP: 1/111 [orc knight/+0 halberd (9)]
  6007 | Bailey   | Killed an orc knight
  6008 | Bailey   | Reached skill level 12 in Axes
  6011 | Bailey   | HP: 1/118 [orc/+0 spear (1)]
  6012 | Bailey   | Slain by an orc

Illustrated notes

Levels and vault maps discovered:
D:1:      minmay_arrival_shoal_huts, layout_loops_ring, serial_bayou_lake_a
D:2:      cheibrodos_helix_gallery, layout_loops_ring
D:3:      layout_loops_ring, mainiacjoe_overflow_concentric_impassable,
          ebering_ghost_disaster_area, serial_bayou_crossing
D:4:      layout_basic, mainiacjoe_overflow_24_doors, vehumet_crystals,
          nicolae_twisty_statue_hallways
D:5:      corexii_shack_village, layout_rooms,
          mainiacjoe_overflow_large_starburst, uniq_edmund
D:6:      layout_basic, minmay_temple_entry_waves, lightli_sewer_entry_pipes,
          nicolae_ossuary_entry_false_entrances, uniq_crazy_yiuf_cottage
D:7:      layout_gridville, mainiacjoe_overflow_alcove_2, enter_bailey_8,
          nicolae_beast_mode
Bailey:   bailey_polearm_nasty_gnolls, bailey

Skill      XL: |  1  2  3  4  5  6  7  8  9 |
---------------+----------------------------+-----
Axes           | 4 5 7 8 9 11 12 | 12.1
Fighting       | 4 5 6 7 |  7.5
Armour         | 3 4 5 7 |  7.0
Dodging        | 3 4 5 6 |  6.4

Action                     |  1- 3 |  4- 6 |  7- 9 || total
---------------------------+-------+-------+-------++-------
  Melee: Hand axe          |   104 |    61 |    83 ||   248
         Headbutt          |    13 |     8 |    57 ||    78
         Punch             |     2 |       |     1 ||     3
         War axe           |       |       |   186 ||   186
 Invoke: Berserk           |     1 |     4 |     4 ||     9
    Use: Scroll            |       |       |    17 ||    17
 Armour: Animal skin       |    26 |       |       ||    26
         Scale mail        |    34 |       |       ||    34
         Leather armour    |       |    33 |   138 ||   171
  Dodge: Dodged            |    56 |    31 |   165 ||   252

Table legend: (Time is in decaauts)
 A = Elapsed time spent in this place.
 B = Non-inter-level travel time spent in this place.
 C = Inter-level travel time spent in this place.
 D = Time resting spent in this place.
 E = Time spent auto-exploring this place.
 F = Levels seen in this place.
 G = Mean time per level.
                   A        B        C        D        E       F      G
               +--------+--------+--------+--------+--------+-----+--------+
         Total |   6089 |   5952 |    137 |    554 |   3462 |   9 |  676.6 |
       Dungeon |   5385 |   5248 |    137 |    303 |   3462 |   7 |  769.3 |
       Ossuary |    150 |    150 |      0 |      0 |      0 |   1 |  150.0 |
        Bailey |    554 |    554 |      0 |    251 |      0 |   1 |  554.0 |
               +--------+--------+--------+--------+--------+-----+--------+

Top non-repeatable levels by time:
     D:3: 1016 daAuts
     D:4: 983 daAuts
     D:1: 905 daAuts
     D:5: 835 daAuts
     D:2: 766 daAuts
     D:7: 567 daAuts
  Bailey: 554 daAuts
     D:6: 310 daAuts
 Ossuary: 150 daAuts
